 Dungeon Crawl Stone Soup version 0.21-a0-426-g98080a9 (webtiles) character file.

86 varam the Firebug (level 4, 0/41 HPs)
             Began as an Ogre Fire Elementalist on Nov 5, 2017.
             Killed from afar by Natasha (8 damage)
             ... with a magic dart
             ... on level 1 of the Dungeon.
             The game lasted 00:13:08 (2072 turns).

varam the Firebug (Ogre Fire Elementalist)          Turns: 2072, Time: 00:13:09

Health: 0/41       AC:  4    Str: 12    XL:     4   Next: 49%
Magic:  6/8        EV: 10    Int: 17    God:
Gold:   43         SH:  0    Dex:  9    Spells: 3/9 levels left

rFire    . . .     SeeInvis .   g - +0 club (curse)
rCold    . . .     Gourm    .   (no shield)
rNeg     . . .     Faith    .   a - +0 robe
rPois    +         Spirit   .   (helmet restricted)
rElec    .         Reflect  .   m - +0 cloak
rCorr    .         Harm     .   (gloves unavailable)
MR       .....                  (boots unavailable)
Stlth    +.........             (no amulet)
HPRegen  0.13/turn              i - ring of poison resistance
MPRegen  0.11/turn              (no ring)

@: slowed, very slow
A: unfitting armour, tough skin 1
a: no special abilities


You were on level 1 of the Dungeon.
You were very hungry.

You visited 1 branch of the dungeon, and saw 3 of its levels.

You collected 43 gold pieces.

Inventory:

Hand Weapons
 g - a cursed +0 club (weapon)
 r - a +0 hunting sling
 u - a cursed -2 dagger
Missiles
 l - 31 stones (quivered)
 s - 23 sling bullets
 t - 19 poisoned needles
Armour
 a - a +0 robe (worn)
 m - a +0 cloak (worn)
Jewellery
 f - an uncursed amulet of magic regeneration {unknown}
 i - a ring of poison resistance (left hand)
Scrolls
 e - a scroll of recharging {unknown}
 h - a scroll of identify {unknown}
 o - 2 scrolls of amnesia {unknown}
 p - a scroll of enchant armour {unknown}
 w - a scroll of remove curse {unknown}
Potions
 d - a potion of degeneration {unknown}
 j - a potion of resistance {unknown}
 k - a potion of mutation {unknown}
 n - a potion of lignification {unknown}
 q - a potion of haste {unknown}
Books
 b - a book of Flames

   Spells                             Type                      Level
   a - Flame Tongue                   Conjuration/Fire             1
   b - Throw Flame                    Conjuration/Fire             2
   c - Conjure Flame                  Conjuration/Fire             3
   d - Inner Flame                    Hexes/Fire                   3
   e - Sticky Flame                   Conjuration/Fire             4
   f - Fireball                       Conjuration/Fire             5
Comestibles
 c - a bread ration
 v - a royal jelly


   Skills:
 + Level 1.3 Fighting
 - Level 1.7 Dodging
 - Level 1.4 Stealth
 - Level 3.0 Spellcasting
 * Level 2.5 Conjurations
 * Level 3.3 Fire Magic


You had 3 spell levels left.
You knew the following spells:

 Your Spells              Type           Power        Failure   Level  Hunger
a - Flame Tongue          Conj/Fire      ##...        4%          1    None
b - Throw Flame           Conj/Fire      ##....       8%          2    ##.....
c - Inner Flame           Hex/Fire       #.......     26%         3    ###....


Dungeon Overview and Level Annotations

Branches:
Dungeon (3/15)

Altars:
Trog
Wu Jian

Annotations:
D:1 Natasha


Innate Abilities, Weirdness & Mutations

You are too large for most types of armour.
You have tough skin. (AC +1)


Message History

Aiming: Flame Tongue
Press: ? - help, Shift-Dir - straight line, f - Natasha
Aim: Natasha The flame tongue hits Natasha.
Natasha is moderately wounded.
Natasha stares at you and mumbles some strange words.
The magic dart hits you!
Casting: Flame Tongue
Confirm with . or Enter, or press ? or * to list all spells.
Aiming: Flame Tongue
Press: ? - help, Shift-Dir - straight line, f/p - Natasha
Aim: Natasha (moderately wounded)
The flame tongue hits Natasha.
Natasha is almost dead.
Natasha stares at you and mumbles some strange words.
The magic dart hits you!
* * * LOW HITPOINT WARNING * * *
Natasha casts a spell at you. The magic dart hits you!
You die...

...# #)........#.###.............
...# #..........................#
...###.........#........##.......
..............................###
...............#.##.#...##.####
...........................##.#
#.................#.#......##.###
#.....###.#.####................)
###.........####@h............###
..................###..#####.....
###.....##..####...##.........##.
# #.....##..####..###...#####.##.
# #.....##.....................#.
# #........#########.########....
#.....#####...............##.#.
#.........#.#############.##.#.
#########.#.#...........#.#....


You could see Natasha.

Vanquished Creatures
  Natasha (D:2)
  An adder (D:2)
  3 dart slugs
  A leopard gecko (D:2)
  4 giant cockroaches
  8 goblins
  4 hobgoblins
  7 kobolds
  A quokka (D:3)
  5 bats
  5 frilled lizards
  4 rats
44 creatures vanquished.

Notes
Turn   | Place    | Note
-------+----------+-------------------------------------------
     0 | D:1      | varam the Ogre Fire Elementalist began the quest for the Orb.
     0 | D:1      | Reached XP level 1. HP: 16/16 MP: 3/3
    48 | D:1      | Reached skill level 1 in Conjurations
   323 | D:1      | Reached XP level 2. HP: 24/24 MP: 3/5
   629 | D:1      | Learned a level 2 spell: Throw Flame
   674 | D:1      | Reached XP level 3. HP: 29/31 MP: 0/7
   679 | D:1      | Learned a level 3 spell: Inner Flame
   780 | D:1      | Reached skill level 3 in Fire Magic
   804 | D:1      | Reached skill level 2 in Conjurations
  1115 | D:3      | Reached skill level 3 in Spellcasting
  1538 | D:2      | Found a bloodstained altar of Trog.
  1538 | D:2      | Found an ornate altar of the Wu Jian Council.
  1627 | D:2      | Reached XP level 4. HP: 40/40 MP: 5/8
  1638 | D:2      | Reached skill level 1 in Fighting
  1638 | D:2      | HP: 1/41 [cloud of flame (18)]
  1983 | D:2      | Noticed Natasha
  1998 | D:2      | Killed Natasha
  2049 | D:2      | Noticed Natasha
  2072 | D:1      | Killed from afar by Natasha

Vault maps used:
D:1:      matt_arrival_refuge
D:2:      old_standard_altar, nicolae_overflow_hidden_temple, first_bread,
          hangedman_decor_lopped, uniq_jessica, uniq_natasha
D:3:      eat_drink_and_be_merry_uskayaw, uniq_ijyb

Skill      XL: |  1  2  3  4 |
---------------+-------------+-----
Conjurations   | 1 2 |  2.5
Fire Magic     | 3 |  3.3
Spellcasting   | 3 |  3.0
Fighting       | 1 |  1.3
Dodging        | |  1.7
Stealth        | |  1.4

Action                   |  1- 3 |  4- 6 || total
-------------------------+-------+-------++-------
Melee: Unarmed           |     8 |       ||     8
       Club              |    60 |     2 ||    62
Throw: Stone             |     1 |       ||     1
 Cast: Flame Tongue      |    38 |     5 ||    43
       Throw Flame       |    19 |     3 ||    22
       Inner Flame       |       |     1 ||     1
  Eat: Chunk             |     3 |     1 ||     4
Armor: Robe              |    46 |     2 ||    48
Dodge: Dodged            |    69 |     4 ||    73

Table legend:
 A = Spawn XP
 B = Non-spawn XP
 C = Spawn XP percentage of total XP
 D = Spawn monster count
 E = Non-spawn monster count
 F = Spawn count percentage of total count
 G = Total turns spent on level
                    A         B        C        D         E        F      G
               +---------+---------+-------+---------+---------+-------+---------
         Total |       0 |     123 |   0.0 |       0 |      44 |   0.0 |  2072
               +---------+---------+-------+---------+---------+-------+---------
           D:1 |       0 |      39 |   0.0 |       0 |      22 |   0.0 |   969
           D:2 |       0 |      82 |   0.0 |       0 |      21 |   0.0 |  1083
           D:3 |       0 |       2 |   0.0 |       0 |       1 |   0.0 |    20
               +---------+---------+-------+---------+---------+-------+---------
